 Dungeon Crawl Stone Soup version 0.24.0-13-gcf9b319 (webtiles) character file.

Game seed: 12350665708067514351, levelgen mode: deterministic

253 CBukowski the Digger (level 6, 0/34 HPs)
             Began as a Gargoyle Earth Elementalist on Nov 11, 2019.
             Slain by Pikel
             ... wielding a +1 whip of flaming
              (7 damage)
             ... on level 4 of the Dungeon.
             The game lasted 00:15:48 (3426 turns).

CBukowski the Digger (Gargoyle Earth Elementalist)  Turns: 3426, Time: 00:15:48

Health: 0/34       AC:  8    Str: 11    XL:     6   Next: 14%
Magic:  5/11       EV: 12    Int: 18    God:
Gold:   123        SH:  5    Dex: 10    Spells: 6/12 levels left

rFire    . . .     SeeInvis .   i - +0 club
rCold    . . .     Gourm    .   (no shield)
rNeg     + . .     Faith    .   c - +0 robe
rPois    ∞         Spirit   .   (no helmet)
rElec    +         Reflect  +   (no cloak)
rCorr    .         Harm     .   (no gloves)
MR       .....                  (no boots)
Stlth    ++........             w - +5 amulet of reflection
HPRegen  0.11/turn              e - +2 ring of protection
MPRegen  0.12/turn              (no ring)

@: flying
A: negative energy resistance 1, electricity resistance, unbreathing,
petrification resistance, rot immunity, AC +4
a: no special abilities


You were on level 4 of the Dungeon.
You were not hungry.

You visited 1 branch of the dungeon, and saw 4 of its levels.

You collected 123 gold pieces.

Inventory:

Hand Weapons
 i - a +0 club (weapon)
 p - a +0 hunting sling
Missiles
 a - 45 poisoned darts
 b - 35 stones (quivered)
 n - 14 sling bullets
Armour
 c - a +0 robe (worn)
Jewellery
 e - a +2 ring of protection (left hand)
 w - a +5 amulet of reflection (around neck)
Wands
 v - a wand of random effects (23)
Scrolls
 f - a scroll of enchant armour {unknown}
 g - a scroll of amnesia {unknown}
 j - a scroll of enchant weapon {unknown}
 l - 3 scrolls of remove curse {unknown}
 m - a scroll of magic mapping {unknown}
 o - 3 scrolls of teleportation {unknown}
 q - a scroll of fog {unknown}
 s - a scroll of identify {unknown}
Potions
 h - a potion of haste {unknown}
 k - 2 potions of invisibility {unknown}
 r - 2 potions of resistance {unknown}
 z - a potion of agility {unknown}
Comestibles
 d - 8 rations


   Skills:
 + Level 1.0 Fighting
 + Level 1.5 Maces & Flails
 + Level 2.2 Dodging
 + Level 3.0 Stealth
 + Level 0.4 Unarmed Combat
 + Level 3.7 Spellcasting
 + Level 0.7 Transmutations
 + Level 5.2 Earth Magic


You had 6 spell levels left.
You knew the following spells:

 Your Spells              Type           Power        Failure   Level  Hunger
a - Sandblast             Erth           ###...       1%          1    None
b - Passwall              Tmut/Erth      ##......     7%          2    ##.....
c - Stone Arrow           Conj/Erth      ##....       16%         3    ###....

Your spell library contained the following spells:

 Spells                   Type           Power        Failure   Level  Hunger
 Petrify                  Tmut/Erth      ##......     41%         4    ####...
 Lee's Rapid Deconstruct  Erth           ###.......   45%         5    ######.


Dungeon Overview and Level Annotations

Branches:
Dungeon (4/15)
 Temple: D:4-7

Altars:

Annotations:
D:4 3 runed translucent doors, Pikel; chudichudichudi's ghost, amateur GrFi; dragoon's ghost, amateur FoWr


Innate Abilities, Weirdness & Mutations

You are resistant to torment.
Your stone body is resilient. (AC +4)
You are immune to poison.
You resist negative energy. (rN+)
You are resistant to electric shocks. (rElec)
You can survive without breathing.
You are immune to petrification.
You are immune to rotting.


Message History

Casting: Sandblast (safe; 1% risk of failure)
Confirm with . or Enter, or press ? or * to list all spells.
Aiming: Stone Arrow (safe; 16% risk of failure)
Press: ? - help, Shift-Dir - straight line, f/p - Pikel
Aim: Pikel, wielding a +1 whip of flaming, wearing a +0 robe and carrying a wand of digging (3) (almost dead)
The stone arrow misses Pikel.
The stone arrow hits the slave!
The slave is heavily wounded.
Pikel hits you with a +1 whip of flaming.
* * * LOW HITPOINT WARNING * * *
Pikel burns you.
* * * LOW HITPOINT WARNING * * *
Casting: Stone Arrow (safe; 16% risk of failure)
Confirm with . or Enter, or press ? or * to list all spells.
Aiming: Stone Arrow (safe; 16% risk of failure)
Press: ? - help, Shift-Dir - straight line, f/p - Pikel
Aim: Pikel, wielding a +1 whip of flaming, wearing a +0 robe and carrying a wand of digging (3) (almost dead)
The stone arrow misses Pikel.
The stone arrow hits the slave!
The slave is almost dead.
Pikel hits you with a +1 whip of flaming!
You die...

.# ### .# ?.. ..
(... ###### .#
.....#....# .#
.....#....# .#
..........#####[##.#
#....ppppK@....#
######...#######..#
##.P⌠P#...# .#
#8...W#...#
(.....#...#
P.....+.†.#
⌠.....+..##
P.....+.## %.....#.#


You could see Pikel and 4 slaves.

Vanquished Creatures
  A crimson imp (D:4)
  An orc priest (D:3)
  Robin (D:2)
  9 adders
  2 oozes
  4 worms
  A dart slug (D:3)
  4 leopard geckos
  5 orcs (D:3)
  5 bats
  A giant cockroach (D:3)
  14 goblins
  5 hobgoblins
  4 kobolds
  A quokka (D:3)
  4 frilled lizards
  A quokka skeleton (D:4)
  10 rats
73 creatures vanquished.

Vanquished Creatures (others)
  A withered plant (D:4)
1 creature vanquished.

Grand Total: 74 creatures vanquished

Notes
Turn   | Place    | Note
-------+----------+-------------------------------------------
     0 | D:1      | CBukowski the Gargoyle Earth Elementalist began the quest
                  | for the Orb.
     0 | D:1      | Reached XP level 1. HP: 10/10 MP: 3/3
   230 | D:1      | Reached XP level 2. HP: 15/15 MP: 0/5
  1190 | D:2      | Reached XP level 3. HP: 19/19 MP: 2/7
  1240 | D:2      | Reached skill level 4 in Earth Magic
  1638 | D:2      | Reached XP level 4. HP: 10/24 MP: 4/8
  1914 | D:2      | Noticed Robin
  1939 | D:2      | Killed Robin
  2305 | D:3      | Reached XP level 5. HP: 23/28 MP: 6/9
  2332 | D:3      | Learned a level 2 spell: Passwall
  2336 | D:3      | Learned a level 3 spell: Stone Arrow
  2430 | D:3      | Reached skill level 1 in Maces & Flails
  2642 | D:3      | Reached skill level 5 in Earth Magic
  3374 | D:4      | Found a runed translucent gate.
  3374 | D:4      | Found a runed translucent gate.
  3378 | D:4      | Found a runed translucent gate.
  3379 | D:4      | Noticed dragoon's ghost (amateur FoWr)
  3380 | D:4      | Noticed chudichudichudi's ghost (amateur GrFi)
  3392 | D:4      | Reached skill level 1 in Fighting
  3392 | D:4      | Reached XP level 6. HP: 34/34 MP: 4/11
  3397 | D:4      | Noticed a slave
  3397 | D:4      | Noticed a slave
  3398 | D:4      | Noticed Pikel
  3398 | D:4      | Noticed a slave
  3400 | D:4      | Noticed a slave
  3426 | D:4      | Slain by Pikel

Levels and vault maps discovered:
D:1:      kennysheep_arrival_seaside, layout_rooms,
          hangedman_decor_clover_reticule
D:2:      layout_rooms, uniq_robin
D:3:      layout_loops_cross
D:4:      layout_rooms, grunt_dithmenos_smoke, first_ration, serial_shops,
          nicolae_shop_behind_doors, gammafunk_ghost_cemetery, uniq_eustachio,
          uniq_pikel

Skill      XL: |  1  2  3  4  5 |
---------------+----------------+-----
Earth Magic    | 4 5 |  5.2
Spellcasting   | 3 |  3.7
Dodging        | 2 |  2.2
Maces & Flails | 1 |  1.5
Fighting       | 1 |  1.0
Stealth        | 3 |  3.0
Unarmed Combat | |  0.4
Transmutations | |  0.7

Action                   |  1- 3 |  4- 6 || total
-------------------------+-------+-------++-------
Melee: Unarmed           |    45 |       ||    45
       Club              |    58 |   123 ||   181
 Cast: Sandblast         |    17 |    52 ||    69
       Stone Arrow       |       |     5 ||     5
  Use: Potion            |       |     3 ||     3
 Stab: Sleeping          |     3 |     2 ||     5
  Eat: Ration            |     1 |       ||     1
       Chunk             |       |     5 ||     5
Armor: Robe              |    52 |    84 ||   136
Dodge: Dodged            |    77 |   104 ||   181
Block: Other             |       |     8 ||     8
